 Dungeon Crawl Stone Soup version 0.17.0-24-gcfadda4 (webtiles) character file.

10252 rutigerpupkin the Fighter (level 11, -1/102 HPs)
             Began as a Minotaur Berserker on Nov 16, 2015.
             Was a High Priest of Trog.
             Slain by a minotaur
             ... wielding a +3 rod of clouds (5/11)
              (3 damage)
             ... in a labyrinth.
             The game lasted 00:40:40 (10485 turns).

rutigerpupkin the Fighter (Minotaur Berserker)     Turns: 10485, Time: 00:40:41

Health: -1/102     AC: 15    Str: 27    XL:     11   Next: 33%
Magic:  10/10      EV: 13    Int:  9    God:    Trog [*****.]
Gold:   729        SH:  0    Dex: 11    Spells: 0 memorised, 10 levels left

rFire  x . .     SeeInvis .     U - +9 great mace of the Wars {flame, rElec rF- Str+3}
rCold  + . .     Clarity  .     X - +0 chain mail {rC+}
rNeg   + . .     SustAt   .     (shield currently unavailable)
rPois  .         Gourm    +     (helmet restricted)
rElec  +         Spirit   .     L - +0 cloak
rCorr  .         Warding  .     b - +0 pair of gloves
rMut   .         Stasis   .     (no boots)
MR     .....                    S - amulet of the gourmand
Stlth  ..........               x - ring of positive energy
                                z - +5 ring of intelligence

@: confused, exhausted, slowed, very slow, not resistant to hostile
enchantments, extremely unstealthy
A: retaliatory headbutt, horns 2
a: Berserk, Trog's Hand, Brothers in Arms, Burn Spellbooks, Renounce Religion


You were in a labyrinth.
You worshipped Trog.
Trog was extremely pleased with you.
You were full.

You visited 3 branches of the dungeon, and saw 12 of its levels.
You also visited: Labyrinth.

You collected 729 gold pieces.

Inventory:

Hand Weapons
 o - the +9 dagger "Beast's Funeral" {pierce, *Drain rPois rF+ Str+4, unknown}
   (You found it on level 1 of the Lair of Beasts)

   It inflicts extra damage upon your enemies.
   It affects your strength (+4).
   It protects you from fire.
   It protects you from poison.
   It causes draining when unequipped.
 E - a +0 blowgun
 U - the +9 great mace of the Wars (weapon) {flame, rElec rF- Str+3}
   (Trog gifted it to you on level 8 of the Dungeon)

   It has been specially enchanted to burn those struck by it, causing extra
   injury to most foes and up to half again as much damage against particularly
   susceptible opponents.
   It affects your strength (+3).
   It makes you vulnerable to fire.
   It insulates you from electricity.
Missiles
 m - 21 curare-tipped needles
 t - 44 poisoned needles
 B - 11 needles of sleeping
 D - 6 tomahawks (quivered)
Armour
 b - a +0 pair of gloves (worn)
 h - a +2 shield
 L - a +0 cloak (worn)
 M - a storm dragon hide
 X - a +0 chain mail of cold resistance (worn)
Jewellery
 j - an uncursed ring of poison resistance {unknown}
 k - an uncursed ring of fire
 x - a ring of positive energy (right hand)
 z - a +5 ring of intelligence (left hand)
 S - an amulet of the gourmand (around neck)
Wands
 a - a wand of magic darts (29)
 R - a wand of polymorph (12)
 W - a wand of heal wounds (4)
Scrolls
 e - a scroll of random uselessness {unknown}
 f - 5 scrolls of teleportation
 i - a scroll of recharging {unknown}
 n - a scroll of blinking {unknown}
 r - a scroll of enchant weapon {unknown}
Potions
 d - 6 potions of curing
 q - a potion of agility {unknown}
Comestibles
 c - 3 bread rations
 g - 2 royal jellies
 p - 2 slices of pizza
 v - 2 beef jerkies
 C - 35 fruits
 N - a meat ration


   Skills:
 + Level 11.2 Fighting
 + Level 11.2 Maces & Flails
 + Level 11.0 Armour
 + Level 10.0 Dodging


You had 10 spell levels left.
You didn't know any spells.

Dungeon Overview and Level Annotations

Branches:
Dungeon (9/15)             Temple (1/1) D:4            Lair (2/8) D:9
    Orc: D:9-12

Altars:
Ashenzari
Dithmenos
Elyvilon
Fedhas
Gozag
Makhleb
Okawaru
Qazlal
Ru
Sif Muna
Trog
Vehumet
Xom
Yredelemnul
Zin

Shops:
D:5 (   D:6 }   D:7 *

Annotations:
Lair:1 exclusion: oklob plant


Innate Abilities, Weirdness & Mutations

You reflexively headbutt those who attack you in melee.
You have a pair of horns on your head.


Message History

The minotaur hits you with a rod of clouds!!
The minotaur gores you!
You bump into the crystal wall.
You are engulfed in noxious fumes.
The minotaur is engulfed in noxious fumes.
The minotaur hits you with a rod of clouds!!
* * * LOW HITPOINT WARNING * * *
The minotaur gores you but does no damage.
The minotaur is engulfed in noxious fumes.
The minotaur completely misses you.
The minotaur gores you but does no damage.
You're too confused!
Drink which item? (? for menu, Esc to quit)
You feel better.
You are engulfed in noxious fumes.
You choke on the stench!
You are confused.
* * * LOW HITPOINT WARNING * * *
The minotaur is engulfed in noxious fumes.
The minotaur hits you with a rod of clouds!!
* * * LOW HITPOINT WARNING * * *
The minotaur gores you.
You die...

# #. #.#. #. .#
###.## . #...# .
#.#.### #
.....#.#.. .# #
## #####.
########.#.### #
....#.
#<...H@§...... #
##.#
.######§§######
#.#.........§§..#
## .#.
##.#.#.#######
#.. ..... #.#...
#.# #### ####.#.
#. . ### #


You could see a minotaur.

Vanquished Creatures
  Erica (D:8)
  Sonja (Lair:1)
  A black mamba (Lair:2)
  An elephant (D:9)
  A spiny frog (Lair:1)
  2 komodo dragons
  A fire drake (Lair:1)
  Prince Ribbit (D:8)
  7 blink frogs (Lair:1)
  Sigmund (D:6)
  The ghost of ecbois the Skirmisher, an amateur FoAK of Lugonu (D:4)
  2 hungry ghosts
  Menkaure (D:6)
  3 water moccasins
  4 porcupines
  2 orc warriors
  A wasp (D:9)
  2 ice beasts
  3 black bears
  A phantom (D:4)
  3 ogres
  6 crocodiles
  3 centaurs
  The ghost of jw the Cutter, an amateur OpBe of Trog (D:3)
  4 big kobolds
  A gnoll sergeant (D:8)
  8 giant frogs
  2 scorpions
  3 crimson imps
  A centaur skeleton (D:4)
  8 orc priests
  5 hounds
  2 jellies
  A giant frog zombie (D:6)
  A giant frog skeleton (D:5)
  11 orc wizards
  3 worker ants
  An iguana (D:6)
  A killer bee zombie (D:9)
  2 sheep
  A hound skeleton (D:5)
  18 river rats
  12 gnolls
  16 adders
  3 worms
  An adder skeleton (D:5)
  6 giant geckos
  40 orcs
  A ball python (D:5)
  5 hobgoblins
  5 jackals
  25 kobolds
  6 bats
  9 giant cockroaches
  A giant gecko skeleton (D:4)
  3 giant newts
  8 goblins
  2 quokka skeletons
  8 rats
274 creatures vanquished.

Notes
Turn   | Place    | Note
--------------------------------------------------------------
     0 | D:1      | rutigerpupkin the Minotaur Berserker began the quest for the Orb.
     0 | D:1      | Reached XP level 1. HP: 19/19 MP: 0/0
   201 | D:1      | Reached XP level 2. HP: 20/26 MP: 1/1
   262 | D:1      | Found a shattered altar of Ashenzari.
   612 | D:2      | Reached XP level 3. HP: 33/33 MP: 2/2
   613 | D:2      | Reached ** piety under Trog
   623 | D:2      | Reached skill level 4 in Fighting
  1119 | D:2      | Reached XP level 4. HP: 40/40 MP: 3/3
  1944 | D:3      | Reached XP level 5. HP: 40/47 MP: 4/4
  2172 | D:3      | Reached *** piety under Trog
  2180 | D:3      | Reached skill level 5 in Fighting
  2218 | D:3      | Reached skill level 5 in Maces & Flails
  2275 | D:3      | Noticed jw's ghost (amateur OpBe)
  2404 | D:3      | Reached XP level 6. HP: 56/56 MP: 5/5
  2510 | D:3      | Killed jw's ghost
  2826 | D:4      | Noticed ecbois's ghost (amateur FoAK)
  2848 | D:3      | Reached skill level 5 in Armour
  3166 | D:4      | Killed ecbois's ghost
  3166 | D:4      | Reached XP level 7. HP: 53/61 MP: 6/6
  3606 | D:4      | Reached skill level 6 in Maces & Flails
  3606 | D:4      | Reached skill level 5 in Dodging
  3791 | D:4      | Found a staircase to the Ecumenical Temple.
  3837 | Temple   | Entered the Ecumenical Temple
  4055 | D:5      | Entered Level 5 of the Dungeon
  4206 | D:5      | Reached **** piety under Trog
  4249 | D:5      | Reached XP level 8. HP: 68/71 MP: 7/7
  4265 | D:5      | Found Jerour's Antique Weapon Shop.
  4399 | D:5      | Found a radiant altar of Vehumet.
  4813 | D:6      | Received a gift from Trog
  4928 | D:6      | Reached skill level 7 in Fighting
  5127 | D:6      | Noticed Sigmund
  5139 | D:6      | Killed Sigmund
  5155 | D:6      | Found Qeihuyxe's Gadget Emporium.
  5316 | D:6      | Reached XP level 9. HP: 75/81 MP: 8/8
  5350 | D:6      | Reached skill level 8 in Fighting
  5470 | D:6      | Noticed Menkaure
  5478 | D:6      | Killed Menkaure
  5657 | D:7      | Reached ***** piety under Trog
  5792 | D:7      | Found a blossoming altar of Fedhas.
  6234 | D:7      | Found Jacep's General Store.
  6751 | D:8      | Reached skill level 9 in Fighting
  7219 | D:8      | Received a gift from Trog
  7229 | D:8      | Got a crystal great mace {god gift}
  7231 | D:8      | Identified the +9 great mace of the Wars {flame, rElec rF- Str+3} (Trog gifted it to you on level 8 of the Dungeon)
  7440 | D:8      | Noticed Erica
  7446 | D:8      | Killed Erica
  7446 | D:8      | Reached XP level 10. HP: 91/91 MP: 9/9
  7533 | D:8      | Noticed Prince Ribbit
  7535 | D:8      | Killed Prince Ribbit
  7767 | D:9      | Found a staircase to the Lair.
  7771 | D:9      | Noticed an elephant
  7864 | D:9      | Killed an elephant
  7864 | D:9      | Reached skill level 10 in Fighting
  7897 | D:9      | Reached skill level 10 in Maces & Flails
  7923 | Lair:1   | Entered Level 1 of the Lair of Beasts
  8302 | Lair:1   | Reached skill level 10 in Armour
  8313 | Lair:1   | Noticed an oklob plant
  8565 | Lair:1   | Noticed Sonja
  8567 | Lair:1   | Killed Sonja
  8669 | Lair:1   | Reached XP level 11. HP: 52/101 MP: 10/10
  8775 | Lair:1   | Received a gift from Trog
  8990 | Lair:1   | Reached skill level 11 in Fighting
  9004 | Lair:1   | Got a polished dagger
  9311 | Lair:2   | Reached skill level 10 in Dodging
  9450 | Lair:2   | Found a labyrinth entrance.
  9456 | Lair:2   | Noticed a six-headed hydra
  9464 | Lab      | Entered a labyrinth
 10476 | Lab      | Noticed a minotaur
 10485 | Lab      | HP: 2/102 [minotaur/rod of clouds (22)]
 10485 | Lab      | Identified a +3 rod of clouds (5/11)
 10485 | Lab      | Slain by a minotaur

Action                   |  1- 3 |  4- 6 |  7- 9 | 10-12 || total
-------------------------+-------+-------+-------+-------++-------
Melee: Mace              |    40 |       |       |       ||    40
       Spear             |     4 |   146 |   444 |       ||   594
       Great mace        |       |       |    12 |   133 ||   145
Invok: Berserk           |     1 |     3 |     5 |     1 ||    10
       Burn Spellbooks   |       |       |     1 |     1 ||     2
  Use: Potion            |       |     1 |       |     1 ||     2
       Scroll            |       |       |     5 |       ||     5
 Stab: Sleeping          |     1 |     1 |       |       ||     2
  Eat: Chunk             |     2 |     8 |    35 |    11 ||    56
